Map: Ultralove

Players

llllllllllll - Winner!

  • Race: Zerg Zerg
  • League: Diamond
  • Spawn Location: 1:00

Fus

  • Race: Terran Terran
  • League: Diamond
  • Spawn Location: 7:00

VOD

Have the link to the VOD?

Description

Time

  • Played on: April 25, 2025, 8:29 a.m.
  • Length: 8:42
Show
View Real Time Build Order
Export as new Build Order

llllllllllll Zerg - Winner!

Build Orders: Hatch First, Zergling Baneling 

Get SALT Encoding   

  12  0:00  Drone  
  13  0:12  Overlord  
  13  0:16  Drone  
  14  0:30  Drone x2  
  16  0:46  Hatchery  
  15  0:50  Drone  
  15  0:53  Drone  
  15  0:56  Drone  
  18  0:58  Extractor  
  17  1:14  Spawning Pool  
  17  1:16  Drone  
  17  1:21  Drone  
  18  1:28  Drone  
  19  1:39  Overlord  
  19  2:00  Metabolic Boost  
  19  2:03  Queen x2  
  19  2:05  Zergling x2  
  19  2:08  Zergling x2  
  25  2:18  Overlord  
  25  2:23  Overlord  
  25  2:25  Zergling x2  
  25  2:28  Zergling x2  
  27  2:32  Zergling x2  
  28  2:39  Baneling Nest  
  27  2:45  Zergling x4  
  27  2:50  Zergling x4  
  31  2:59  Drone  
  31  3:03  Zergling x4  
  34  3:07  Zergling x2  
  35  3:16  Zergling x6  
  36  3:26  Baneling x5  
  36  3:32  Zergling x6  
  39  3:36  Zergling x2  
  39  3:40  Drone  
  39  3:52  Baneling x5  
  39  3:54  Drone x2  
  38  3:56  Drone  
  38  3:59  Drone  
  39  4:04  Drone  
  39  4:05  Drone  
  39  4:12  Zergling x4  
  39  4:13  Zergling x2  
  37  4:19  Zergling x4  
  37  4:24  Zergling x2  
  36  4:28  Drone  
  36  4:29  Drone x2  
  39  4:34  Drone x2  
  39  4:36  Drone  
  42  4:39  Drone  
  42  4:43  Overlord  
  43  4:51  Overlord  
  43  4:59  Lair, Extractor  
  42  5:00  Extractor  
  42  5:01  Extractor  
  42  5:05  Evolution Chamber  
  42  5:06  Evolution Chamber  
  42  5:07  Drone x2  
  39  5:08  Drone  
  39  5:12  Drone  
  41  5:16  Drone x3  
  41  5:19  Drone  
  41  5:20  Drone  
  46  5:23  Drone  
  46  5:25  Drone  
  48  5:30  Drone x3  
  51  5:38  Evolution Chamber  
  51  5:41  Spine Crawler  
  51  5:42  Drone  
  50  5:44  Drone  
  51  5:57  Spire  
  51  5:58  Overlord  
  51  6:02  Evolution Chamber  
  50  6:06  Drone  
  50  6:26  Spore Crawler  
  50  6:28  Spore Crawler  
  48  6:38  Drone x3  
  48  6:39  Drone x2  
  53  6:40  Overlord  
  53  6:43  Overlord  
  53  6:44  Overlord  
  53  6:48  Overlord  
  53  7:08  Mutalisk x6  
  53  7:10  Mutalisk x3  
  71  7:18  Mutalisk  
  71  7:20  Overlord x2  
  73  7:31  Mutalisk  
  73  7:36  Overlord  
  75  7:38  Hatchery  
  74  7:44  Mutalisk  
  74  7:45  Mutalisk  
  75  7:53  Mutalisk  
  75  8:07  Mutalisk  
  75  8:23  Drone x9  
  88  8:29  Evolution Chamber x2  
  88  8:33  Hydralisk Den  
Show
View Real Time Build Order
Export as new Build Order

Fus Terran 

Build Orders:  

Get SALT Encoding   

  12  0:00  SCV  
  13  0:12  SCV  
  14  0:17  Supply Depot  
  14  0:24  SCV  
  15  0:38  SCV  
  15  0:39  Barracks  
  16  0:46  Refinery  
  16  0:50  SCV  
  17  1:02  SCV  
  18  1:15  SCV  
  19  1:28  Marine  
  19  1:30  Orbital Command  
  20  1:45  Command Center  
  20  1:46  Marine  
  21  1:58  Factory  
  21  2:01  SCV  
  22  2:13  SCV  
  23  2:22  Barracks Reactor  
  23  2:30  Refinery  
  23  2:31  Supply Depot  
  23  2:46  Bunker  
  23  2:48  Starport  
  23  2:52  SCV  
  24  3:03  Orbital Command  
  24  3:04  SCV  
  24  3:05  Barracks Tech Lab  
  25  3:07  Hellion x2  
  29  3:14  Orbital Command  
  29  3:16  SCV  
  26  3:27  Viking  
  26  3:28  SCV  
  26  3:31  Hellion  
  33  3:36  Hellion  
  33  3:44  Marauder  
  35  3:56  Supply Depot  
  35  4:05  Orbital Command  
  31  4:33  SCV, Factory Reactor  
  32  4:41  Supply Depot  
  32  4:42  SCV  
  32  4:45  SCV  
  34  4:48  Liberator  
  37  4:54  SCV  
  38  5:03  SCV, Bunker  
  38  5:06  SCV  
  39  5:19  SCV  
  40  5:22  Widow Mine, Bunker  
  40  5:23  Supply Depot, Widow Mine  
  44  5:31  SCV  
  44  5:33  Starport Tech Lab  
  45  5:37  SCV  
  45  5:39  Engineering Bay  
  46  5:46  Marine  
  47  5:52  SCV  
  47  5:53  Supply Depot, Hellion  
  50  6:00  SCV  
  51  6:04  SCV  
  52  6:12  SCV  
  53  6:33  SCV  
  53  6:37  Command Center  
  51  6:40  SCV  
  51  6:44  Refinery  
  51  6:45  Fusion Core, Refinery  
  52  6:48  Starport  
  52  6:52  SCV  
  52  6:54  Supply Depot  
  53  6:56  Marine  
  54  7:03  SCV  
  55  7:11  SCV  
  55  7:15  SCV  
  57  7:23  SCV  
  57  7:26  Starport Tech Lab  
  57  7:27  SCV  
  65  7:47  SCV  
  65  7:49  Supply Depot  
  66  7:52  Command Center  
  63  8:00  Missile Turret  
  63  8:02  Missile Turret  
  56  8:06  Orbital Command  
  42  8:21  SCV  
  42  8:25  Missile Turret  
Tags
 
Matchup
TvZ
Replay Pack
kreditionep2
Spawn Locations
Cross Positions
Add a new tag
Caveats
  • Supply blocks, unpowered buildings, or Contaminate may cause inaccurate times.
  • Supply counts are checked every 10 seconds.